 Dungeon Crawl Stone Soup version 0.21.1-1-g345015fe64 (webtiles) character file.

1003 PikkenKukken the Cudgeler (level 8, -2/79 HPs)
             Began as a Troll Berserker on May 3, 2018.
             Was a Priest of Trog.
             Slain by an orc warrior
             ... wielding a +0 long sword
              (22 damage)
             ... on level 6 of the Dungeon.
             The game lasted 00:19:18 (3412 turns).

PikkenKukken the Cudgeler (Troll Berserker)         Turns: 3412, Time: 00:19:19

Health: -2/79      AC:  5    Str: 26    XL:     8   Next: 0%
Magic:  7/7        EV: 11    Int:  3    God:    Trog [***...]
Gold:   267        SH:  0    Dex: 11    Spells: 7/7 levels left

rFire    . . .     SeeInvis +   o - +2 spear (vamp)
rCold    . . .     Gourm    +   (no shield)
rNeg     . . .     Faith    .   b - +0 animal skin
rPois    .         Spirit   .   (helmet restricted)
rElec    .         Reflect  .   (no cloak)
rCorr    .         Harm     .   (gloves unavailable)
MR       .....                  (boots unavailable)
Stlth    +.........             (no amulet)
HPRegen  0.63/turn              j - ring of see invisible
MPRegen  0.10/turn              (no ring)

@: berserk cooldown, slowed, very slow
A: large, unfitting armour, claws 3, fast metabolism 3, gourmand, regeneration
1, shaggy fur 1, tough skin 2
a: Berserk, Trog's Hand, Burn Spellbooks, Renounce Religion


You were on level 6 of the Dungeon.
You worshipped Trog.
Trog was most pleased with you.
You were very full.

You visited 1 branch of the dungeon, and saw 6 of its levels.

You collected 267 gold pieces.

Inventory:

Hand Weapons
 a - a +0 mace
 n - a +0 halberd
 o - a +2 vampiric spear (weapon)
 v - a +2 mace of protection
 w - a +2 trident of protection
 E - a +3 flail of crushing
Missiles
 h - 10 tomahawks (quivered)
 x - 46 arrows
Armour
 b - a +0 animal skin (worn)
 z - a +2 robe of the Archmagi
Jewellery
 j - a ring of see invisible (left claw)
 k - an uncursed ring of magical power
 q - an uncursed amulet of harm
 u - a cursed -3 ring of protection {unknown}
 C - an uncursed ring of see invisible
Scrolls
 e - 5 scrolls of remove curse
 f - a scroll of amnesia {unknown}
 i - 3 scrolls of magic mapping {unknown}
 l - 2 scrolls of teleportation {unknown}
 m - a scroll of fear {unknown}
 r - 2 scrolls of identify
 s - 2 scrolls of immolation {unknown}
 y - a scroll of enchant armour {unknown}
 B - a scroll of blinking {unknown}
Potions
 d - 3 potions of lignification {unknown}
 g - a potion of curing {unknown}
 p - a potion of haste {unknown}
 t - a potion of degeneration {unknown}
 A - a potion of flight {unknown}
Comestibles
 c - 6 rations
 D - 12 chunks of flesh


   Skills:
 + Level 4.5 Fighting
 - Level 4.5 Maces & Flails
 + Level 3.7 Polearms
 + Level 2.2 Throwing
 + Level 4.2 Dodging


You had 7 spell levels left.
You didn't know any spells.

Dungeon Overview and Level Annotations

Branches:
Dungeon (5/15)
 Temple: D:4-7

Altars:
Cheibriados
Elyvilon
Fedhas
Hepliaklqana
Kikubaaqudgha
Ru
Sif Muna
Xom
Yredelemnul


Innate Abilities, Weirdness & Mutations

You are too large for most types of armour.
You have claws for hands.
Your metabolism is lightning-fast.
You like to eat raw meat.
Your natural rate of healing is unusually fast.
You are covered in fur. (AC +1)
You have very tough skin. (AC +2)


Message History

The orc warrior misses you.
You barely miss the orc warrior.
The orc warrior is severely wounded.
The orc warrior hits you with a long sword! x2
You are too injured to fight recklessly!
You are too injured to fight recklessly!
You are too injured to fight recklessly!
You are too injured to fight recklessly!
You are too injured to fight recklessly!
You hit the orc warrior.
You feel better.
The orc warrior is almost dead.
The orc warrior hits you with a long sword!
You hit the orc warrior.
The orc warrior is almost dead.
The orc warrior hits you with a long sword!
* * * LOW HITPOINT WARNING * * *
You hit the orc warrior but do no damage.
The orc warrior is almost dead.
The orc warrior hits you with a long sword!!
You die...

#.##.#.################
#...>..................
#.....Z.o.o.........
###.####.###########
#.# #.# #.# #.# #.# #.#
#o# #.# #@# #.# #.# #.#
#+# #.#


You could see an orc warrior.

Vanquished Creatures
  The ghost of Tegun the Cudgeler, an amateur OgMo (D:4)
  A sky beast (D:5)
  The ghost of htuhola the Gusty, an amateur DgAE (D:3)
  A bullfrog (D:4)
  A water moccasin skeleton (D:4)
  A jelly (D:5)
  An orc priest (D:5)
  A hound (D:4)
  3 orc wizards
  A bullfrog skeleton (D:6)
  An iguana (D:2)
  2 worker ants (D:4)
  3 gnolls (D:3)
  6 adders
  2 shadow imps (D:5)
  2 dart slugs
  3 leopard geckos
  22 orcs
  3 bats
  2 giant cockroaches (D:2)
  6 goblins
  7 hobgoblins
  2 jackals (D:1)
  7 kobolds
  A ball python (D:5)
  6 frilled lizards
  A leopard gecko skeleton (D:4)
  5 rats
  A spectral orc (D:3)
  A plant (D:4)
95 creatures vanquished.

Notes
Turn   | Place    | Note
-------+----------+-------------------------------------------
     0 | D:1      | PikkenKukken the Troll Berserker began the quest for the Orb.
     0 | D:1      | Reached XP level 1. HP: 22/22 MP: 0/0
    81 | D:1      | Reached XP level 2. HP: 29/29 MP: 1/1
   450 | D:2      | Reached XP level 3. HP: 36/36 MP: 2/2
   644 | D:2      | Reached ** piety under Trog
   805 | D:2      | Found a blossoming altar of Fedhas.
   857 | D:2      | Found a snail-covered altar of Cheibriados.
   934 | D:2      | Reached XP level 4. HP: 26/44 MP: 3/3
  1131 | D:3      | Noticed htuhola's ghost (amateur DgAE)
  1140 | D:3      | Killed htuhola's ghost
  1140 | D:3      | Reached XP level 5. HP: 53/53 MP: 4/4
  1217 | D:3      | Found a basalt altar of Yredelemnul.
  1403 | D:3      | Found a deep blue altar of Sif Muna.
  1476 | D:3      | Found an ancient bone altar of Kikubaaqudgha.
  1654 | D:3      | Found a shimmering altar of Xom.
  1882 | D:4      | Noticed Tegun's ghost (amateur OgMo)
  1898 | D:4      | Killed Tegun's ghost
  1898 | D:4      | Reached skill level 1 in Polearms
  1898 | D:4      | Reached skill level 1 in Throwing
  1898 | D:4      | Reached XP level 6. HP: 12/62 MP: 5/5
  2049 | D:4      | Reached XP level 7. HP: 66/68 MP: 6/6
  2190 | D:4      | Found a white marble altar of Elyvilon.
  2355 | D:4      | Found a sacrificial altar of Ru.
  2876 | D:5      | Entered Level 5 of the Dungeon
  2968 | D:5      | Found a hazy altar of Hepliaklqana.
  3350 | D:5      | You fall through a shaft!
  3392 | D:6      | Reached *** piety under Trog
  3392 | D:6      | Reached XP level 8. HP: 79/79 MP: 7/7
  3412 | D:6      | Slain by an orc warrior

Skill      XL: |  1  2  3  4  5  6  7 |
---------------+----------------------+-----
Maces & Flails | 3 4 |  4.5
Dodging        | 3 4 |  4.2
Fighting       | 3 4 |  4.5
Polearms       | 1 2 3 |  3.7
Throwing       | 1 2 |  2.2

Action                   |  1- 3 |  4- 6 |  7- 9 || total
-------------------------+-------+-------+-------++-------
Melee: Mace              |    94 |    23 |       ||   117
       Spear             |       |    43 |   176 ||   219
Throw: Tomahawk          |       |    10 |    25 ||    35
Invok: Berserk           |     1 |     3 |     5 ||     9
       Trog's Hand       |       |     2 |     1 ||     3
  Use: Scroll            |     3 |     1 |     1 ||     5
 Stab: Sleeping          |       |     1 |     1 ||     2
  Eat: Chunk             |    14 |    12 |    23 ||    49
Armor: Animal skin       |    50 |    15 |    22 ||    87
Dodge: Dodged            |    53 |    21 |    48 ||   122
